 Dungeon Crawl Stone Soup version 0.29.0-13-gc9e81de378 (webtiles) character file.

Game seed: 11617892903992746125

77 SnakkuSnakku7 the Chopper (level 4, -1/39 HPs)
             Began as a Naga Warper on Sept 9, 2022.
             Slain by an adder (2 damage)
             ... on level 3 of the Dungeon.
             The game lasted 00:02:44 (2354 turns).

SnakkuSnakku7 the Chopper (Naga Warper)             Turns: 2354, Time: 00:02:45

Health: -1/39      AC:  3    Str: 15    XL:     4   Next: 33%
Magic:  7/7        EV:  9    Int: 14    God:
Gold:   104        SH:  0    Dex: 10    Spells: 7/7 levels left

rFire   . . .      SeeInvis +   a - +0 hand axe
rCold   . . .      Faith    .   (no shield)
rNeg    . . .      Spirit   .   b - +0 leather armour
rPois   +          Reflect  .   (no helmet)
rElec   .          Harm     .   (no cloak)
rCorr   .          Rampage  .   g - +0 pair of gloves
Will    .....                   (no barding)
Stlth   +.........              (no amulet)
HPRegen 0.13/turn               (no ring)
MPRegen 0.10/turn               (no ring)

@: short of breath, very slow
A: AC +1, large, see invisible, deformed body, poison resistance, slowness 2,
spit poison 1, naga tail 1
a: Spit Poison


You were on level 3 of the Dungeon.
You visited 1 branch of the dungeon, and saw 3 of its levels.

You collected 104 gold pieces.

Inventory:

Hand Weapons
 a - a +0 hand axe (weapon)
Missiles
 d - 11 boomerangs of dispersal
Armour
 b - a +0 leather armour (worn)
 g - a +0 pair of gloves (worn)
Scrolls
 c - a scroll of blinking
 f - a scroll of amnesia {unknown}
 h - a scroll of butterflies {unknown}
 i - 2 scrolls of identify {unknown}
 k - a scroll of poison {unknown}
 m - a scroll of enchant armour {unknown}
Potions
 e - a potion of might
 l - a potion of heal wounds {unknown}


   Skills:
 - Level 2.0 Fighting
 + Level 4.4 Axes
 - Level 0.8 Throwing
 - Level 0.7 Armour
 - Level 1.5 Dodging
 - Level 2.0 Spellcasting
 - Level 3.0 Translocations


You had 7 spell levels left.
You didn't know any spells.
Your spell library contained the following spells:

 Spells                   Type           Power      Damage    Failure   Level
 Blink                    Tloc           18%        N/A       13%         2
 Gell's Gravitas          Tloc           9%         N/A       26%         3
 Lesser Beckoning         Tloc           9%         N/A       26%         3
 Teleport Other           Tloc           9%         N/A       26%         3
 Manifold Assault         Tloc           9%         N/A       93%         5


Dungeon Overview and Level Annotations

Branches:
Dungeon (3/15)

Altars:

Annotations:
D:2 Robin


Innate Abilities, Weirdness & Mutations

Your serpentine skin is tough. (AC +1)
You have supernaturally acute eyesight. (SInv)
Armour fits poorly on your strangely shaped body.
Your system is resistant to poisons. (rPois)
You cover ground very slowly.
You can spit poison.
You have a snake-like lower body.


Message History

The adder bites you.
* * * LOW HITPOINT WARNING * * *
Aiming: Spit Poison (1% risk of failure)
Press: ? - help, Q - select action, (/) - cycle Shift-Dir - straight line, f - adder
Aim: an adder (37% to hit)
The splash of poison misses the adder.
The adder barely misses you.
Unknown command.
You hit the adder.
The adder is lightly wounded.
The adder completely misses you.
You hit the adder.
The adder is severely wounded.
The adder bites you but does no damage. The adder bites you.
* * * LOW HITPOINT WARNING * * *
You miss the adder.
The adder is severely wounded.
You have got your breath back.
The adder bites you.
* * * LOW HITPOINT WARNING * * *
Aiming: Spit Poison (1% risk of failure)
Press: ? - help, Q - select action, (/) - cycle Shift-Dir - straight line, f/p - adder
Aim: an adder (heavily wounded, 37% to hit)
The splash of poison misses the adder.
The adder closely misses you. The adder bites you but does no damage.
Unknown command.
You miss the adder.
The adder is heavily wounded.
The adder barely misses you.
You miss the adder.
The adder is heavily wounded.
The adder bites you.
* * * LOW HITPOINT WARNING * * *
Okay, then.
You miss the adder.
The adder is heavily wounded.
The adder bites you.
* * * LOW HITPOINT WARNING * * *
The adder bites you.
You die...

#.....# #.....# #
##.$...#..
##......#.#
#.......#.###
#.......#...
#.....÷..######
####......).#.....
.........†@...#
##......S...)#
#.....####÷.#
#.#.#.. ..# ..
#.?..# .... .#
#..... ...:.
#.#.... ##.....
..#.### .....
#..#.. .....


You could see an adder.

Vanquished Creatures
  2 adders (D:2)
  6 endoplasms
  2 giant cockroaches
  8 goblins
  5 hobgoblins
  8 kobolds
  4 quokkas
  3 ball pythons (D:2)
  7 bats
  4 frilled lizards
  4 rats
53 creatures vanquished.

Vanquished Creatures (others)
  5 fungi (D:2)
  A plant (D:2)
6 creatures vanquished.

Grand Total: 59 creatures vanquished

Notes
Turn   | Place    | Note
-------+----------+-------------------------------------------
     0 | D:1      | SnakkuSnakku7 the Naga Warper began the quest for the Orb.
     0 | D:1      | Reached XP level 1. HP: 19/19 MP: 3/3
   270 | D:1      | Reached XP level 2. HP: 21/26 MP: 5/5
   433 | D:1      | Reached skill level 3 in Axes
  1032 | D:2      | Reached XP level 3. HP: 17/32 MP: 6/6
  1408 | D:2      | Found a faded altar of an unknown god.
  1951 | D:2      | Reached skill level 4 in Axes
  2009 | D:2      | Reached XP level 4. HP: 35/39 MP: 7/7
  2025 | D:2      | Noticed Robin
  2354 | D:3      | HP: 1/39 [adder (2)]
  2354 | D:3      | Slain by an adder

Illustrated notes

Levels and vault maps discovered:
D:1:      lightli_arrival_statue_moat, layout_loops_ring, minmay_quantized
D:2:      minmay_skewed_foursquare, layout_basic,
          dreamdust_ecumenical_altar_hidden_monk_grotto, st_stairs_3, uniq_robin
D:3:      layout_basic

Skill      XL: |  1  2  3 |
---------------+----------+-----
Axes           | 3 4 |  4.4
Fighting       | |  2.0
Throwing       | |  0.8
Armour         | |  0.7
Dodging        | |  1.5
Spellcasting   | |  2.0
Translocations | |  3.0

Action                   |  1- 3 |  4- 6 || total
-------------------------+-------+-------++-------
Melee: Hand axe          |   125 |    34 ||   159
Throw: Boomerang         |     1 |       ||     1
 Abil: Spit Poison       |     6 |     4 ||    10
  Use: Potion            |       |     2 ||     2
       Scroll            |       |     1 ||     1
Armor: Leather armour    |    59 |    12 ||    71
Dodge: Dodged            |    85 |    24 ||   109
